 Dungeon Crawl Stone Soup version 0.27-a0-92-g39ad13b146 (webtiles) character file.

Game seed: 420320574707383248

273 knot the Chopper (level 6, 41/47 HPs)
             Began as a Demonspawn Berserker on Jan 16, 2021.
             Was a Priest of Trog.
             Quit the game on level 3 of the Dungeon.
             The game lasted 00:05:17 (3837 turns).

knot the Chopper (Demonspawn Berserker)             Turns: 3837, Time: 00:05:17

Health: 41/47      AC:  4    Str: 20    XL:     6   Next: 2%
Magic:  6/6        EV: 12    Int: 10    God:    Trog [***...]
Gold:   60         SH:  0    Dex: 15    Spells: 5/5 levels left

rFire    . . .     SeeInvis .   o - +0 broad axe
rCold    . . .     Faith    .   (no shield)
rNeg     . . .     Spirit   +   n - +0 leather armour (curse)
rPois    .         Reflect  .   (helmet restricted)
rElec    .         Harm     .   (no cloak)
rCorr    .         Rampage  .   a - +0 pair of gloves {Str+3}
Will     .....                  (no boots)
Stlth    ++........             f - amulet of magic regeneration
HPRegen  0.15/turn              (no ring)
MPRegen  0.45/turn              (no ring)

@: no status effects
A: antennae 2, thin skeletal structure 1, magic shield, magic regeneration
a: Renounce Religion, Berserk, Trog's Hand


You were on level 3 of the Dungeon.
You worshipped Trog.
Trog was most pleased with you.
You visited 1 branch of the dungeon, and saw 3 of its levels.

You collected 60 gold pieces.

Inventory:

Hand Weapons
 o - a +0 broad axe (weapon)
Missiles
 e - 73 stones
 k - 59 sling bullets
 p - a poisoned dart (quivered)
Armour
 a - a +0 pair of gloves of strength (worn)
 n - a cursed +0 leather armour (worn)
Jewellery
 f - an amulet of magic regeneration (around neck)
Scrolls
 b - a scroll of random uselessness {unknown}
 c - 3 scrolls of remove curse {unknown}
 g - 2 scrolls of fear {unknown}
 h - 2 scrolls of teleportation {unknown}
 i - 4 scrolls of identify {unknown}
 j - a scroll of blinking {unknown}
 m - a scroll of fog {unknown}
Potions
 d - 2 potions of curing
 l - 2 potions of cancellation


   Skills:
 - Level 3.0 Fighting
 * Level 6.1 Axes
 * Level 0.7 Throwing
 - Level 1.7 Armour
 - Level 1.7 Dodging


You had 5 spell levels left.
You didn't know any spells.
Your spell library was empty.

Dungeon Overview and Level Annotations

Branches:
Dungeon (3/15)

Altars:
Ru


Innate Abilities, Weirdness & Mutations

You have a pair of antennae on your head.
You have a somewhat thin skeletal structure. (Dex +2, Stealth)
When hurt, damage is shared between your health and your magic reserves.
You regenerate magic rapidly.


Message History

The orc wizard casts a spell at you. The magic dart hits you.
You closely miss the orc wizard.
The orc wizard is moderately wounded.
The orc wizard closely misses you.
You closely miss the orc wizard.
The orc wizard is heavily wounded.
The orc wizard hits you but does no damage.
The orc wizard closely misses you.
You slash the orc wizard!
You kill the orc wizard!
Trog accepts your kill.
Trog appreciates your killing of a magic user.
You have reached level 6!
Your experience leads to an increase in your attributes!
Your base attributes are Str 17, Int 9, Dex 13.
Increase (S)trength, (I)ntelligence, or (D)exterity?
You feel clever.
Your demonic ancestry asserts itself...
Your bones become slightly less dense.
Are you sure you want to abandon this character and quit the game? (Confirm with "yes".)

#.###....).........###.
#.#......รท...(.........
#.#.......)........###.
#..................###.
###
.#........(.(...........
..#
..........(..().........
..#
....$........?.().....#.
..#
.......[)...............
..#
......)@.........(.....#
..#
...(....................
###
...................(.##.
.#.........(...........
#..................#...
#.#..............#.###B
...##............##.# ..
##..........##


There were no monsters in sight!

Vanquished Creatures
  Natasha (thrice) (D:2 D:1)
  2 orc wizards
  A hound zombie (D:3)
  A gnoll (D:1)
  5 adders
  3 worms (D:2)
  2 leopard geckos
  5 orcs (D:3)
  6 bats
  2 giant cockroaches
  5 goblins
  5 hobgoblins
  8 jackals (D:1)
  A frilled lizard (D:2)
  11 kobolds
  5 rats (D:2)
65 creatures vanquished.

Notes
Turn   | Place    | Note
-------+----------+-------------------------------------------
     0 | D:1      | knot the Demonspawn Berserker began the quest for the Orb.
     0 | D:1      | Reached XP level 1. HP: 18/18 MP: 1/1
    46 | D:1      | Reached skill level 3 in Axes
    46 | D:1      | Gained mutation: When hurt, damage is shared between your
                  | health and your magic reserves. [demonic ancestry]
    46 | D:1      | Reached XP level 2. HP: 19/24 MP: 2/2
   769 | D:1      | Gained mutation: You have a pair of small antennae on your
                  | head. [demonic ancestry]
   769 | D:1      | Reached XP level 3. HP: 24/29 MP: 1/3
  1111 | D:1      | Reached ** piety under Trog
  1196 | D:1      | Reached skill level 4 in Axes
  1232 | D:2      | Found a sacrificial altar of Ru.
  1345 | D:2      | Gained mutation: You have a pair of antennae on your head.
                  | [demonic ancestry]
  1345 | D:2      | Reached XP level 4. HP: 31/35 MP: 1/4
  2489 | D:2      | Noticed Natasha
  2502 | D:2      | Killed Natasha
  2503 | D:2      | Reached skill level 5 in Axes
  2559 | D:2      | Gained mutation: You regenerate magic rapidly. [demonic
                  | ancestry]
  2559 | D:2      | Reached XP level 5. HP: 41/41 MP: 5/5
  2577 | D:2      | Noticed Natasha
  2609 | D:2      | Killed Natasha
  2618 | D:2      | Noticed Natasha
  2667 | D:1      | Killed Natasha
  3506 | D:3      | Reached skill level 6 in Axes
  3836 | D:3      | Reached *** piety under Trog
  3837 | D:3      | Gained mutation: You have a somewhat thin skeletal
                  | structure. (Dex +2, Stealth) [demonic ancestry]
  3837 | D:3      | Reached XP level 6. HP: 41/47 MP: 6/6
  3837 | D:3      | Quit the game

Illustrated notes

Levels and vault maps discovered:
D:1:      lightli_arrival_quake, layout_loops_ring, corexii_leaking_fountain,
          chequers_serial_rivers_micro_c, minmay_misc_feat_four_crosses
D:2:      layout_basic, serial_curves, eino_curves_03, eino_curves_01,
          nicolae_ru_great_annihilating_truth, uniq_natasha
D:3:      layout_basic, minmay_misc_feat_tower, grunt_ministairs_3,
          nemelex_spade_bored_becter, uniq_crazy_yiuf_cottage, uniq_jessica

Skill      XL: |  1  2  3  4  5 |
---------------+----------------+-----
Axes           | 3 4 5 6 |  6.1
Fighting       | |  3.0
Throwing       | |  0.7
Armour         | |  1.7
Dodging        | |  1.7

Action                   |  1- 3 |  4- 6 || total
-------------------------+-------+-------++-------
Melee: Hand axe          |   110 |    77 ||   187
       Broad axe         |       |    31 ||    31
Throw: Stone             |     2 |    28 ||    30
       Dart              |       |    11 ||    11
Invok: Berserk           |     2 |    11 ||    13
       Trog's Hand       |       |     1 ||     1
  Use: Potion            |       |     2 ||     2
 Stab: Sleeping          |     1 |       ||     1
       Paralysed         |       |     1 ||     1
Armor: Animal skin       |    26 |     5 ||    31
       Leather armour    |       |    22 ||    22
Dodge: Dodged            |    89 |    82 ||   171

Table legend: (Time is in decaauts)
 A = Elapsed time spent in this place.
 B = Non-inter-level travel time spent in this place.
 C = Inter-level travel time spent in this place.
 D = Time resting spent in this place.
 E = Time spent auto-exploring this place.
 F = Levels seen in this place.
 G = Mean time per level.
                   A        B        C        D        E       F      G
               +--------+--------+--------+--------+--------+-----+--------+
         Total |   4020 |   4008 |     12 |   1461 |   1919 |   3 | 1340.0 |
       Dungeon |   4020 |   4008 |     12 |   1461 |   1919 |   3 | 1340.0 |
               +--------+--------+--------+--------+--------+-----+--------+

Top non-repeatable levels by time:
     D:2: 2050 daAuts
     D:1: 1540 daAuts
     D:3: 430 daAuts
